[Event "*** Titled Tuesday Blitz"]
[Site "Chess.com"]
[Date "2019.12.03"]
[Round "9"]
[White "ElGasanov"]
[Black "MatthewG-p4p"]
[Result "0-1"]
[WhiteElo "2682"]
[BlackElo "2789"]
[TimeControl "180+2"]
[EndTime "15:06:13 PST"]
[Termination "MatthewG-p4p won by resignation"]

1. d4 Nf6 2. c4 c5 3. d5 e6 4. Nf3 exd5 5. cxd5 d6 6. e4 g6 7. Bd3 Bg7 8. O-O O-O 9. Re1 Re8 10. h3 a6 11. a4 Nbd7 12. Nc3 Rb8 13. Bf4 Qc7 14. Qd2 c4 15. Bc2 Nh5 16. Be3 Nc5 17. Bd4 Bxd4 18. Qxd4 b5 19. axb5 axb5 20. e5 Bd7 21. g4 Ng7 22. Qf4 dxe5 23. Nxe5 f6 24.
Qxf6 Rf8 25. Qh4 Qb6 26. Qe7 Rbe8 27. Qh4 b4 28. Nxd7 Nxd7 29. Ne4 Ne5 30. Ng5 h5 31. Re3 b3 32. Be4 Qf6 33. Rae1 Nd7 34. Rf3 Qxb2 35. Rf1 Rxf3 36. Bxf3 Qf6 37. gxh5 Re5 38. Bg4 Qxg5 39.
Qxg5 Rxg5 40. f4 Rxg4+ 41. hxg4 c3 42. h6 c2 43. hxg7 b2 44. f5 c1=Q 0-1

[Event "*** Titled Tuesday Blitz"]
[Site "Chess.com"]
[Date "2019.12.03"]
[Round "9"]
[White "artooon"]
[Black "Triumphmate"]
[Result "1/2-1/2"]
[WhiteElo "2812"]
[BlackElo "2509"]
[TimeControl "180+2"]
[EndTime "15:06:15 PST"]
[Termination "Game drawn by repetition"]

1. e4 d5 2. Nf3 dxe4 3. Ng5 e5 4.
Nxe4 f5 5. Nec3 Bc5 6. d3 Nf6 7. Nd2 Ng4 8. Qf3 Nxf2 9. Nb3 Bb6 10. Rg1 Nxd3+ 11. Bxd3 Bxg1 12. Bxf5 O-O 13. g4 Bxh2 14.
Be3 Bf4 15. Bc5 Qh4+ 16. Bf2 Qg5 17. Ne4 Qh6 18. Ke2 Bxf5 19. gxf5 Qa6+ 20. Ke1 Nc6 21. f6 gxf6 22. Bc5 Rf7 23. Kf2 Kh8 24. Rg1 Qc4 25. c3 b6 26. Be3 Bxe3+ 27. Qxe3 f5 28. Ng5 Rg7 29. Nd2 Qh4+ 30. Kf1 Rag8 31. Ndf3 Qh5 32. Rg2 f4 33. Qe4 Rxg5 34. Nxg5 Rxg5 35. Rxg5 Qxg5 36.
Qxc6 f3 37. Qe8+ Kg7 38. Qd7+ Kg6 39. Qe6+ Qf6 40. Qg4+ Kf7 41. Qd7+ Kg6 42. Qg4+ Kf7 43. Qd7+ Kf8 44. Qc8+ Kg7 45. Qd7+ Kh6 46. Qh3+ Kg6 47. Qg4+ 1/2-1/2

[Event "*** Titled Tuesday Blitz"]
[Site "Chess.com"]
[Date "2019.12.03"]
[Round "9"]
[White "Spring199"]
[Black "petincash"]
[Result "0-1"]
[WhiteElo "2308"]
[BlackElo "2411"]
[TimeControl "180+2"]
[EndTime "15:06:20 PST"]
[Termination "petincash won by checkmate"]

1. d4 Nf6 2. c4 g6 3. Nc3 Bg7 4. e4 O-O 5. Nge2 d6 6. Ng3 e5 7. d5 a5 8. h4 Na6 9. h5 Nd7 10. hxg6 fxg6 11. Bh6 Bxh6 12. Rxh6 Qg5 13. Rh1 Ndc5 14.
Nb5 Bd7 15. Be2 Rf7 16. Nc3 Raf8 17. Bf3 Nb4 18. Qe2 Nbd3+ 19. Kf1 Nf4 20. Qd2 h5 21. Nge2 Bg4 22. Nxf4 Qxf4 23. Qxf4 Rxf4 24. Rg1 Kh7 25. Ke2 Nxe4 26. Nb5 Bxf3+ 27. gxf3 Rxf3 28. Nxc7 Rxf2+ 29. Ke1 Ng3 30. Ne6 Rf1+ 31. Kd2 R8f2+ 32. Kc3 Rxg1 33. Rxg1 Ne2+ 34. Kb3 Nxg1 35. Ka4 Nf3 36. Kxa5 h4 37. Kb6 Rxb2+ 38. Kc7 h3 39. Kxd6 h2 40. Ke7 h1=Q 41.
d6 Qh4+ 42. Ke8 Nd4 43. Nf8+ Kg8 44. d7 Nc6 45. Nxg6 Qd8# 0-1

[Event "*** Titled Tuesday Blitz"]
[Site "Chess.com"]
[Date "2019.12.03"]
[Round "9"]
[White "1g41-0"]
[Black "Bagirova"]
[Result "1-0"]
[WhiteElo "2381"]
[BlackElo "2118"]
[TimeControl "180+2"]
[EndTime "15:06:23 PST"]
[Termination "1g41-0 won on time"]

1. d4 Nf6 2. c4 e6 3. g3 c5 4.
Nf3 d5 5. cxd5 exd5 6. Bg2 Nc6 7. O-O Be6 8. Nc3 Be7 9. Bf4 O-O 10. dxc5 Bxc5 11. Nb5 Bb6 12. Nbd4 Nxd4 13. Nxd4 Nh5 14. Nxe6 fxe6 15. Be5 Rf5 16. Bd4 Nf6 17. e3 Ne4 18.
Qd3 Bxd4 19. exd4 Qf6 20. Bxe4 dxe4 21. Qxe4 Rd8 22. Rad1 Rf8 23. f4 Rd5 24. Rfe1 Re8 25. Kg2 h5 26. Rd3 h4 27. Re2 hxg3 28. hxg3 Kf7 29.
a3 Rh8 30. Rc3 Rd7 31. Rce3 Rd6 32. Qxb7+ Kg8 33. Qb8+ Rd8 34. Qe5 Qh6 35. Qxe6+ Qxe6 36. Rxe6 Rxd4 37. Re8+ Kh7 38. Rxh8+ Kxh8 39. Kf3 Rd3+ 40.
Kg4 Rb3 41. Kg5 Kh7 42. g4 a5 43. f5 a4 44. Re7 Rxb2 45. f6 Rb5+ 46. Kf4 Rb3 47.
Rxg7+ Kh8 48. g5 Rxa3 49. Ra7 Ra1 50. Kf5 1-0

[Event "*** Titled Tuesday Blitz"]
[Site "Chess.com"]
[Date "2019.12.03"]
[Round "9"]
[White "CzechmVIII"]
[Black "MathiasWomacka"]
[Result "0-1"]
[WhiteElo "2140"]
[BlackElo "2336"]
[TimeControl "180+2"]
[EndTime "15:06:26 PST"]
[Termination "MathiasWomacka won by resignation"]

1. e4 c5 2. Nf3 d6 3. d4 cxd4 4. Nxd4 Nf6 5. Nc3 a6 6. Bg5 e6 7.
f4 h6 8. Bh4 Qb6 9. Bxf6 gxf6 10. Qd2 Qxb2 11. Nb3 Nd7 12. Be2 Nc5 13. Rb1 Qa3 14.
Nxc5 Qxc5 15. Na4 Qc7 16. Nb6 Rb8 17. Bf3 Bd7 18. Nxd7 Qxd7 19. O-O h5 20. Rbd1 Qc7 21.
Kh1 Be7 22. Qe2 h4 23. f5 Qc5 24.
Bg4 Qe5 25. Bh3 d5 26. fxe6 fxe6 27. Qg4 Qxe4 28. Qxe4 dxe4 29. Bxe6 Rd8 30. Rde1 Rd4 31.
Bf5 Kf7 32. Rxe4 Rxe4 33. Bxe4 b6 34. Bd3 a5 35. Bc4+ Kg7 36. Rd1 Bc5 37. Rd7+ Kg6 38. Bd3+ Kg5 39. g3 hxg3 40. Kg2 gxh2 41. Kh1 Kf4 42. Rg7 Bd6 43. Rg2 Ke3 44. Re2+ Kd4 45.
Re1 Be5 46. Be4 Kc3 47. Re2 Rg8 48. Bg2 Rd8 49. Rxe5 fxe5 50. Kxh2 Kxc2 51. Bh3 Rh8 52. Kg3 Rxh3+ 53. Kxh3 e4 0-1

[Event "*** Titled Tuesday Blitz"]
[Site "Chess.com"]
[Date "2019.12.03"]
[Round "9"]
[White "GCamachoMartinez"]
[Black "DeviatkinAndrey"]
[Result "0-1"]
[WhiteElo "2461"]
[BlackElo "2710"]
[TimeControl "180+2"]
[EndTime "15:06:28 PST"]
[Termination "DeviatkinAndrey won by resignation"]

1. d4 d5 2. c4 c6 3. Nf3 Nf6 4. Qb3 Qb6 5. Nc3 Be6 6. c5 Qc7 7. Bf4 Qc8 8. e3 Nh5 9. Bd3 g6 10. Be5 f6 11. Bg3 Bg7 12. O-O Nxg3 13. hxg3 Nd7 14.
e4 Nxc5 15. dxc5 d4 16. Bc4 Bxc4 17. Qxc4 dxc3 18. bxc3 e5 19. Rab1 Ke7 20. Rfd1 Qc7 21. Rd6 Rhd8 22. Qe6+ Kf8 23. Rbd1 Rxd6 24. cxd6 Qf7 25.
Qh3 h5 26. d7 Rd8 27. Nh4 Bh6 28. g4 Bg5 29. gxh5 Bxh4 30. Qxh4 gxh5 31. Qh3 Ke7 32. c4 Qxc4 33. Qxh5 Qf7 34. Qh3 Qxa2 35. Qd3 Qe6 36. Qa3+ Kf7 37. Rd6 Qe7 38. Qb3+ Kg7 39. Qg3+ Kf7 40.
Qb3+ Kg7 41. Qd3 b5 42. g3 b4 43. f4 b3 44. fxe5 Qxe5 45. Rxc6 b2 46. Rc8 b1=Q+ 47. Qxb1 Qxg3+ 48. Kf1 Qf3+ 49. Ke1 Qh1+ 50. Kf2 Qxb1 51. Rxd8 Qb6+ 0-1

[Event "*** Titled Tuesday Blitz"]
[Site "Chess.com"]
[Date "2019.12.03"]
[Round "9"]
[White "JoakimVonAnd"]
[Black "FrogMist"]
[Result "1-0"]
[WhiteElo "2388"]
[BlackElo "2286"]
[TimeControl "180+2"]
[EndTime "15:06:31 PST"]
[Termination "JoakimVonAnd won by checkmate"]

1. d4 Nf6 2. c4 e6 3. Nc3 Bb4 4. e3 O-O 5. Bd3 c5 6. Nf3 d5 7. cxd5 cxd4 8. Nxd4 exd5 9. O-O Nc6 10. Nce2 Bd6 11. h3 Bc7 12. b3 Qd6 13. Ng3 Nxd4 14. exd4 Ne4 15. Bxe4 dxe4 16. Be3 f5 17. f4 exf3 18.
Rxf3 f4 19. Ne4 Qe7 20. Qc2 fxe3 21. Rxf8+ Qxf8 22. Qxc7 Bf5 23. Nd6 Bd3 24. Qc3 Qf2+ 25. Kh1 e2 26. Rc1 Rf8 27. Qxd3 Qf4 28. Qc4+ Kh8 29.
Re1 Qf1+ 30. Kh2 Qf4+ 31. Kg1 h6 32. Rxe2 Qxd6 33. Qc5 Qf4 34. Qe5 Qc1+ 35. Kh2 Rf1 36. Qe8+ Kh7 37. Qe4+ Kh8 38. Qe3 Rh1+ 39. Kg3 Qc7+ 40.
Qe5 Qc3+ 41. Re3 Qd2 42. Qe8+ Kh7 43. Qe4+ Kh8 44. Qf3 Kh7 45. Qf5+ Kh8 46. Re8# 1-0

[Event "*** Titled Tuesday Blitz"]
[Site "Chess.com"]
[Date "2019.12.03"]
[Round "9"]
[White "Kumi29"]
[Black "VincentKeymer"]
[Result "0-1"]
[WhiteElo "2496"]
[BlackElo "2652"]
[TimeControl "180+2"]
[EndTime "15:06:38 PST"]
[Termination "VincentKeymer won by resignation"]

1. d4 Nf6 2. Nc3 d5 3. Bf4 a6 4. e3 e6 5. g4 c5 6. g5 Nfd7 7. Nf3 Nc6 8. a3 b5 9. h4 Bb7 10. h5 Be7 11. Qd2 Qb6 12. Bh3 O-O-O 13. dxc5 Nxc5 14.
O-O-O Rd7 15. Nxd5 exd5 16. Bxd7+ Nxd7 17. Qxd5 Nce5 18.
Nxe5 Bxd5 19. Rxd5 Nxe5 20. Bxe5 Rd8 21. Rxd8+ Qxd8 22. Rd1 Qe8 23. Bxg7 Bxg5 24. Rd5 f6 25. h6 Kb7 26. Kd2 Kc6 27. Rd4 Qg6 28. Rg4 Qf5 29.
Rg2 Qf3 30. Rh2 f5 31. Bd4 f4 32. Kd3 Kd5 33. b3 Qe4+ 34. Kc3 fxe3 35. fxe3 Bxe3 36.
Rh5+ Kd6 37. Bg7 Bc1 38. Rh3 Bxa3 39. Rd3+ Kc6 40. Rd4 Qe1+ 41. Kd3 Bb2 42. Re4 Qd1+ 43. Ke3 Bxg7 44. hxg7 Qg1+ 45. Kd3 Qxg7 46. Re6+ Kd5 47. Rxa6 Qg3+ 48. Kd2 Kd4 49. Kc1 Qf3 50. Kb2 h5 51. Rd6+ Ke5 52. Rb6 Qe2 53. Rb8 Kf6 54. Rf8+ Kg7 55.
Rf4 Qe5+ 0-1

[Event "*** Titled Tuesday Blitz"]
[Site "Chess.com"]
[Date "2019.12.03"]
[Round "9"]
[White "arminmusovic"]
[Black "Al_Shima"]
[Result "1-0"]
[WhiteElo "2551"]
[BlackElo "2453"]
[TimeControl "180+2"]
[EndTime "15:06:41 PST"]
[Termination "arminmusovic won by checkmate"]

1. a3 c5 2. Nc3 d5 3. e4 Nf6 4. e5 Nfd7 5. f4 e6 6. Nf3 Nc6 7. g3 f6 8. Bh3 d4 9. Ne4 f5 10. Nf2 Be7 11. d3 h6 12. g4 g6 13. gxf5 gxf5 14. Rg1 Nb6 15. c4 dxc3 16. bxc3 c4 17.
d4 Qd5 18. Nh4 Bxh4 19. Qh5+ Kd8 20. Qxh4+ Kc7 21. Rg7+ Bd7 22. Bg2 Qa5 23. Bd2 Nd5 24. Qg3 Qb6 25. Bxd5 exd5 26. e6 Rae8 27. Rxd7+ Kc8 28.
Rxd5 Rxe6+ 29. Kf1 Qb2 30. Rd1 Qxa3 31. Rxf5 Ne7 32.
Rc5+ Kd7 33. f5 Rd6 34. Ne4 Rc6 35. Qg7 Re8 36. f6 Qa4 37. Ke1 Qc2 38. Qg4+ Re6 39. fxe7 Qxe4+ 40. Qxe4 Rxe4+ 41. Kf2 R8xe7 42. Rd5+ Ke8 43. Re5 R7xe5 44. dxe5 Kf7 45. Bxh6 Rh4 46. Bg5 Rxh2+ 47. Kg3 Rc2 48. Kf4 Rxc3 49. Rd7+ Ke6 50. Rxb7 a5 51.
Ke4 Rb3 52. Re7# 1-0

[Event "*** Titled Tuesday Blitz"]
[Site "Chess.com"]
[Date "2019.12.03"]
[Round "9"]
[White "Glufs"]
[Black "Kawhi_Leonard2"]
[Result "0-1"]
[WhiteElo "2336"]
[BlackElo "2284"]
[TimeControl "180+2"]
[EndTime "15:06:43 PST"]
[Termination "Kawhi_Leonard2 won by resignation"]

1. Nf3 Nf6 2. c4 e6 3. g3 d5 4.
Bg2 Be7 5. d4 O-O 6. Nc3 dxc4 7.
Ne5 Nc6 8. Bxc6 bxc6 9. Nxc6 Qe8 10. Nxe7+ Qxe7 11. Qa4 e5 12. dxe5 Qxe5 13. Bf4 Qc5 14. Rd1 Be6 15. O-O Rab8 16. Rd2 Rb4 17. Be3 Qe7 18.
Qxa7 Nd7 19. Qxc7 Rfb8 20. Rfd1 R4b7 21. Qa5 h6 22. Na4 Rb5 23. Qa7 R8b7 24. Qd4 Rh5 25. f3 Rhb5 26. Bf4 Rb4 27. Bd6 Qg5 28. Bxb4 Rxb4 29. Nc3 Nf6 30. Qd6 Rb7 31. Qf4 Qa5 32. Qd4 Qg5 33. Kg2 h5 34. h4 Qf5 35. Qf4 Qh3+ 36. Kf2 Ra7 37. Rd8+ Kh7 38. Rg1 Ra5 39.
Qe3 Rf5 40. Ne4 Ng4+ 41. Ke1 Nxe3 42. Ng5+ Rxg5 43. hxg5 Qh2 44. Kd2 Qxg1 45. Kc3 Nf5 46. e4 Nxg3 47. Rd2 Qe3+ 48. Kc2 Nxe4 49. fxe4 Qxe4+ 50.
Kc3 Bf5 51. Rd4 Qe5 0-1

[Event "*** Titled Tuesday Blitz"]
[Site "Chess.com"]
[Date "2019.12.03"]
[Round "9"]
[White "Marcin"]
[Black "nau64"]
[Result "1-0"]
[WhiteElo "2363"]
[BlackElo "2254"]
[TimeControl "180+2"]
[EndTime "15:06:54 PST"]
[Termination "Marcin won on time"]

1. d4 Nf6 2. c4 g6 3. Nc3 d5 4. cxd5 Nxd5 5. e4 Nxc3 6. bxc3 Bg7 7. Nf3 c5 8. Be3 O-O 9. Rc1 Bg4 10. d5 Qa5 11.
Qd2 Bxf3 12. gxf3 Nd7 13. Be2 b5 14. f4 Rad8 15. h4 b4 16. e5 bxc3 17. Rxc3 Nb6 18. Rxc5 Qxd2+ 19. Bxd2 Rxd5 20. Rxd5 Nxd5 21. Bc4 Nb6 22. Bb3 Rd8 23. Ke2 e6 24. h5 Bf8 25.
hxg6 hxg6 26. Rc1 Nd5 27. Rc6 Bb4 28. Be3 Nxe3 29. fxe3 a5 30. Kf3 Rd7 31. Kg4 Kg7 32.
Bc4 Bd2 33. e4 Be1 34. Rd6 Rc7 35. Bb3 Bb4 36. Ra6 Bc3 37. f5 gxf5+ 38. exf5 exf5+ 39. Kxf5 Rc5 40. Ra7 Rxe5+ 41. Kf4 Re1 42. Rxf7+ Kg6 43. Rb7 Bb4 44. Rb6+ Kg7 45. Bc4 Re7 46. Kf5 Bc3 47.
Rg6+ Kh7 48. Bd3 Kh8 49. Rc6 Re5+ 50. Kg6 1-0

[Event "*** Titled Tuesday Blitz"]
[Site "Chess.com"]
[Date "2019.12.03"]
[Round "9"]
[White "Oleksandr_Bortnyk"]
[Black "Firouzja2003"]
[Result "1-0"]
[WhiteElo "2962"]
[BlackElo "3149"]
[TimeControl "180+2"]
[EndTime "15:06:58 PST"]
[Termination "Oleksandr_Bortnyk won by resignation"]

1. e4 e5 2. Bc4 Nf6 3. d3 c6 4. Nf3 d5 5. Bb3 Bb4+ 6. Bd2 Bxd2+ 7. Qxd2 Qd6 8. Nc3 O-O 9. h3 Nbd7 10. O-O a6 11.
Rfe1 b5 12. a3 Re8 13. d4 exd4 14. Nxd4 dxe4 15. Qe3 Nc5 16. Rad1 Nxb3 17. Ndxb5 Qe5 18.
Nd6 Na5 19. Nxe8 Qxe8 20. Nxe4 Nxe4 21. Qxe4 Be6 22. Qb4 Nc4 23. b3 Rb8 24. Rxe6 fxe6 25. Qxc4 Rb5 26. Rd6 Rd5 27. Rxc6 h6 28. Rc8 Rd1+ 29.
Kh2 Rd8 30. Rxd8 Qxd8 31. Qxe6+ Kh8 32. Qxa6 Qc7+ 33. Kg1 Qxc2 34. Qc4 Qd1+ 35. Kh2 Qd6+ 36. g3 Qxa3 37. b4 Qb2 38. Qc8+ Kh7 39. Qc5 g5 40. b5 h5 41. Kg2 h4 42. gxh4 gxh4 43. Qh5+ Kg7 44. Qc5 Kh8 45. b6 Qg7+ 46. Kh2 Qf7 47.
Qc8+ Kg7 48. Qc7 Kh8 49. Qc8+ Kg7 50. Qg4+ Kh8 51. Qxh4+ Kg7 52. Qg3+ Kh8 53. Kg1 Qd5 54. Qb8+ Kh7 55. Qc7+ Kg6 56. b7 1-0

[Event "*** Titled Tuesday Blitz"]
[Site "Chess.com"]
[Date "2019.12.03"]
[Round "9"]
[White "Noam_Vitenberg"]
[Black "saraswathii"]
[Result "0-1"]
[WhiteElo "2309"]
[BlackElo "2244"]
[TimeControl "180+2"]
[EndTime "15:07:04 PST"]
[Termination "saraswathii won on time"]

1. c4 Nc6 2. g3 g6 3. Bg2 Bg7 4. e3 Nf6 5. Ne2 d5 6. cxd5 Nxd5 7. O-O O-O 8. d4 e6 9. Nbc3 Nb6 10. b3 Qe7 11. Bb2 Rd8 12. Qc1 e5 13. d5 Nb4 14.
Rd1 c6 15. e4 cxd5 16. exd5 Bg4 17. Qe3 Nc2 18. Qe4 Bf5 19. Qf3 e4 20. Qf4 Nxa1 21. Bxa1 Be5 22. Qh6 Bg7 23. Qf4 h5 24. d6 Qe8 25. Nxe4 Bxe4 26. Bxe4 Bxa1 27. Rxa1 Qe6 28.
Rd1 Rd7 29. Bf3 Rad8 30. g4 Rxd6 31. Rxd6 Qxd6 32. Qxd6 Rxd6 33. gxh5 gxh5 34. Bxb7 Rd2 35. Nf4 Rxa2 36. Nxh5 Rb2 37. Nf6+ Kf8 38. h4 Rxb3 39.
h5 Kg7 40. Ng4 f5 41. Ne3 f4 42. Ng2 Nc4 43. Bd5 Rb1+ 44. Kh2 Nb6 45. Bc6 Rb4 46. Kh3 Rc4 47. Bf3 Nd7 48. Be2 Rc3+ 49. Kg4 f3 0-1

[Event "*** Titled Tuesday Blitz"]
[Site "Chess.com"]
[Date "2019.12.03"]
[Round "9"]
[White "Heineccius"]
[Black "INLOVEWITHF"]
[Result "1-0"]
[WhiteElo "2638"]
[BlackElo "2453"]
[TimeControl "180+2"]
[EndTime "15:07:08 PST"]
[Termination "Heineccius won by resignation"]

1. d4 d5 2. c4 c6 3. Nf3 Nf6 4. e3 Bf5 5. Nc3 e6 6. Nh4 Be4 7. f3 Bg6 8. g3 Be7 9. Qb3 Qb6 10. c5 Qxb3 11. axb3 Nbd7 12. b4 O-O 13. b5 e5 14.
Nxg6 hxg6 15. Kf2 exd4 16. exd4 Rfc8 17. Bh3 cxb5 18. Bxd7 Nxd7 19. Nxd5 Bf8 20. Bf4 Nf6 21. Nc7 g5 22. Nxa8 gxf4 23. Rxa7 Rxc5 24. dxc5 Bxc5+ 25.
Kg2 Bxa7 26. Nc7 Bd4 27. b3 b4 28. Rd1 Bc3 29. Nd5 Nxd5 30. Rxd5 fxg3 31. hxg3 b6 32. Rb5 f6 33. Rxb6 Kf7 34. Rb7+ Kg6 35. f4 Kf5 36.
Kf3 g5 37. g4+ Ke6 38. f5+ Kd5 39. Rd7+ Ke5 40. Ke3 Bd4+ 41. Kd3 Bc3 42. Re7+ Kf4 43. Re4+ Kg3 44. Rc4 Kf3 45. Rxc3 bxc3 46. b4 c2 47. Kxc2 Kxg4 48. b5 Kf3 49. b6 g4 50. b7 g3 51.
b8=Q g2 52. Qb6 Kg3 53. Qg1 1-0

[Event "*** Titled Tuesday Blitz"]
[Site "Chess.com"]
[Date "2019.12.03"]
[Round "9"]
[White "riconaipe"]
[Black "kleopl"]
[Result "1/2-1/2"]
[WhiteElo "2578"]
[BlackElo "2483"]
[TimeControl "180+2"]
[EndTime "15:07:12 PST"]
[Termination "Game drawn - insufficient material"]

1. d4 f5 2. c4 Nf6 3. Nc3 d6 4. g3 g6 5. Bg2 Bg7 6. Nf3 O-O 7.
O-O Qe8 8. d5 Na6 9. Nd4 Nc5 10.
b4 Nfe4 11. Nxe4 Nxe4 12. Bb2 c5 13. dxc6 bxc6 14. Qc2 Bd7 15. Rad1 Rb8 16. a3 a5 17. Bc3 Nxc3 18. Qxc3 c5 19. e3 axb4 20. axb4 cxd4 21. exd4 Bc6 22. b5 Bxg2 23. Kxg2 Qc8 24. Rc1 Qb7+ 25. Kg1 Rfc8 26. Rfd1 Bf6 27. Qe3 Qe4 28. h4 Qxe3 29. fxe3 Rc7 30. Rc2 Rxb5 31. cxb5 Rxc2 32. Rb1 Rc7 33.
Kf2 e6 34. Ke2 Kf7 35. Kd3 Bd8 36. h5 gxh5 37. e4 fxe4+ 38. Kxe4 Kf6 39. d5 Rc4+ 40.
Kd3 exd5 41. b6 Rg4 42. b7 Bc7 43. Rc1 Rxg3+ 44. Kd4 Bb8 45. Rc8 Rb3 46. Rxb8 Kg7 47. Kxd5 h4 48. Kc6 h3 49. Ra8 Kh6 50. Ra3 h2 51. Ra1 Kg5 52. Rh1 d5 53. Rxh2 Kf4 54. Rh4+ Ke5 55. Rh5+ Ke4 56. Rh4+ Ke5 57. Rxh7 d4 58. Rh8 d3 59. b8=Q+ Rxb8 60. Rxb8 Kd4 61. Rd8+ Kc3 62. Kd5 d2 63. Ke4 Kc2 64. Rc8+ Kb2 65. Rb8+ Kc2 66. Rc8+ Kb2 67. Rd8 Kc2 68. Ke3 d1=Q 69.
Rxd1 Kxd1 1/2-1/2

[Event "*** Titled Tuesday Blitz"]
[Site "Chess.com"]
[Date "2019.12.03"]
[Round "9"]
[White "PowerThinking2650"]
[Black "oskariot"]
[Result "0-1"]
[WhiteElo "2389"]
[BlackElo "2689"]
[TimeControl "180+2"]
[EndTime "15:07:16 PST"]
[Termination "oskariot won on time"]

1. e4 e6 2. d4 d5 3. Nd2 c5 4.
Ngf3 Nf6 5. exd5 exd5 6. Bb5+ Bd7 7. Bxd7+ Nbxd7 8. O-O Be7 9. dxc5 Nxc5 10. Nb3 Nce4 11. Nfd4 Nd6 12. Qf3 O-O 13. Bf4 Nc4 14. Nf5 Nxb2 15.
Bh6 Ne8 16. Rfe1 Bf6 17. Qg4 g6 18. Bxf8 Kxf8 19. Nfd4 Nd6 20. Nc5 Kg8 21. Nd3 Nxd3 22.
cxd3 Qb6 23. Nf3 Bxa1 24. Rxa1 Re8 25. h4 h5 26. Qd7 Qc6 27. Qxc6 bxc6 28. Rc1 Rc8 29.
d4 Nc4 30. Rb1 Rc7 31. Kf1 Kg7 32. Ke2 Nd6 33. Rc1 Re7+ 34. Kd3 Ne4 35. Rc2 f6 36.
Ng1 Re6 37. f3 Ng3 38. Nh3 Nf1 39. Re2 Rxe2 40. Kxe2 Ng3+ 41. Kd3 Nf5 42. Nf4 Nxh4 43. g3 Nxf3 44. Ne6+ Kh6 45. Nd8 g5 46. Nxc6 h4 47.
gxh4 gxh4 48. Ke3 Ne1 49. Kf2 Nc2 50. Kg2 a6 51. Ne7 Nxd4 52. Nxd5 Kg5 53. Nb4 a5 54. Nd5 f5 55. Ne3 f4 56. Nc4 f3+ 57. Kf2 Kf4 58. Nxa5 h3 0-1

[Event "*** Titled Tuesday Blitz"]
[Site "Chess.com"]
[Date "2019.12.03"]
[Round "9"]
[White "M1711"]
[Black "bluejay1897"]
[Result "1-0"]
[WhiteElo "2517"]
[BlackElo "2369"]
[TimeControl "180+2"]
[EndTime "15:07:18 PST"]
[Termination "M1711 won by resignation"]

1. e4 c5 2. Nf3 e6 3. d4 cxd4 4. Bg5 Qa5+ 5. c3 dxc3 6. Nxc3 Nc6 7. Bd2 Qb6 8. Bc4 Nge7 9. O-O Ng6 10. Qe2 Be7 11.
Rfd1 O-O 12. Rac1 a6 13. Bb3 Bf6 14. Na4 Qc7 15. Be3 b5 16. Nb6 Rb8 17. Nd5 exd5 18.
exd5 Bb7 19. dxc6 Bxc6 20. Bc5 Rfe8 21. Qd3 Qb7 22. Qf5 Bxf3 23. Rxd7 Qe4 24. Bxf7+ Kh8 25. Qxe4 Bxe4 26. Bxe8 Rxe8 27. Re1 Nf4 28. f3 Bg6 29. Rxe8+ Bxe8 30. Ra7 Kg8 31. Rxa6 Bxb2 32. Ra7 Bf6 33. Rb7 Nd3 34. Be3 h6 35. Kf1 Bf7 36. Rb8+ Kh7 37. Ra8 Bc4 38. Kg1 Kg6 39. h3 Ne5 40. Kf2 Kf5 41. g4+ Ke6 42. Kg3 Nd3 43. Ra6+ Kd5 44.
Bxh6 Be5+ 45. f4 gxh6 46. fxe5 Nxe5 47. Rxh6 Bxa2 48. g5 Bb1 49. Rb6 Kc5 50. Rb8 b4 51. h4 Bd3 52. h5 Bb5 53. h6 b3 54. h7 b2 55. h8=Q b1=Q 56. Qxe5+ Kc4 57. Qxb5+ Qxb5 58. Rxb5 1-0

[Event "*** Titled Tuesday Blitz"]
[Site "Chess.com"]
[Date "2019.12.03"]
[Round "9"]
[White "Kislov_Oleg"]
[Black "Sajkochess"]
[Result "0-1"]
[WhiteElo "2495"]
[BlackElo "2290"]
[TimeControl "180+2"]
[EndTime "15:07:19 PST"]
[Termination "Sajkochess won by resignation"]

1. e4 c5 2. Nf3 e6 3. c3 d5 4. e5 d4 5. g3 Nc6 6. Bg2 Nge7 7. O-O Ng6 8. Re1 Qc7 9. Na3 a6 10. cxd4 Nxd4 11. Nxd4 cxd4 12. d3 Nxe5 13. Bf4 Bd6 14. Rc1 Qb8 15. Bxe5 Bxe5 16. Rxc8+ Qxc8 17. Rxe5 O-O 18. Nc4 Qc7 19. Re4 b5 20. Rxd4 Rad8 21. Rxd8 Rxd8 22. Ne3 Qe5 23. Qd2 Qd4 24. Bf1 Rc8 25. a3 g6 26. f4 h5 27. Kf2 Kg7 28. h4 Rc5 29. Be2 e5 30. Qb4 a5 31. Qxd4 exd4 32. Nd1 Rc2 33. Kf3 f5 34. Kf2 Kf6 35. b3 a4 36. bxa4 bxa4 37. Ke1 Ra2 38. Bf3 Rxa3 39. Nb2 Ra1+ 40. Kd2 Ra2 41. Kc1 a3 42. Nc4 Rf2 43. Nxa3 Rxf3 44. Kd2 Rxg3 45. Nb5 Rg2+ 46. Ke1 Rg4 47.
Nxd4 Rxf4 48. Ne2 Rxh4 49. Kf2 Ke6 50. Kg3 g5 51. Ng1 Kd5 52. Kf2 g4 53. Kg3 Rh1 54.
Ne2 Re1 55. Nf4+ Kd4 56. Nxh5 Ke3 57. Nf4 Rg1+ 58. Ng2+ Kxd3 59. Kf2 Rxg2+ 60. Kxg2 Ke2 0-1

[Event "*** Titled Tuesday Blitz"]
[Site "Chess.com"]
[Date "2019.12.03"]
[Round "9"]
[White "Witik"]
[Black "Eloist"]
[Result "0-1"]
[WhiteElo "2563"]
[BlackElo "2414"]
[TimeControl "180+2"]
[EndTime "15:07:20 PST"]
[Termination "Eloist won by resignation"]

1. e4 e6 2. d4 d5 3. Nc3 Nf6 4. e5 Nfd7 5. Nce2 c5 6. c3 Nc6 7.
f4 Be7 8. Nf3 b5 9. a3 a5 10. f5 exf5 11. Nf4 Nb6 12. Bxb5 Bd7 13. e6 fxe6 14. Bxc6 Bxc6 15. Ne5 O-O 16. Nxc6 Bh4+ 17. g3 Qd6 18. gxh4 Qxc6 19. O-O a4 20. Be3 Nc4 21. Bf2 Rab8 22. Qe2 Rfe8 23. Rab1 e5 24. dxe5 Rxe5 25. Qc2 Re4 26. Qc1 Qd6 27. Bg3 Ne3 28. Rf3 d4 29. cxd4 cxd4 30. Nd3 f4 31. Rxf4 Rxf4 32. Bxf4 Qg6+ 33.
Bg3 Qe4 34. Qd2 Rf8 35. Re1 Rf3 36. Qe2 Qg4 37. Kh1 h6 38. Nf2 Qf5 39. Kg1 Kh8 40.
Qd3 Rxf2 41. Qxf5 Rxf5 42. Bf2 Re5 43. Bxe3 dxe3 44. Kf1 Re4 45. h5 Re5 46. Kg2 Kg8 47.
Kg3 Kf7 48. Re2 Kf6 49. Kf4 Rxh5 50. Kxe3 Re5+ 51. Kd3 Rxe2 52. Kxe2 g5 53. Kd3 Ke5 54. b4 axb3 55. Kc3 g4 56. Kxb3 h5 57. Kc3 h4 58.
Kd2 g3 59. hxg3 h3 0-1

[Event "*** Titled Tuesday Blitz"]
[Site "Chess.com"]
[Date "2019.12.03"]
[Round "9"]
[White "SCIM"]
[Black "scrapnel"]
[Result "1-0"]
[WhiteElo "2529"]
[BlackElo "2676"]
[TimeControl "180+2"]
[EndTime "15:07:30 PST"]
[Termination "SCIM won by resignation"]

1. d4 Nf6 2. c4 g6 3. Nc3 d5 4. Bg5 Bg7 5. Bxf6 Bxf6 6. cxd5 c6 7. e4 O-O 8. e5 Bg7 9. Qf3 cxd5 10. Bd3 Nc6 11.
Nge2 Qb6 12. Nxd5 Qxb2 13. O-O Nxd4 14. Nxd4 Qxd4 15. Nxe7+ Kh8 16. Nxc8 Raxc8 17. Rad1 Qxe5 18. Qxb7 Rc7 19. Qf3 Qb2 20. a4 Bd4 21. Rb1 Qc3 22.
h4 h5 23. Rfe1 Bb6 24. Qf4 Qxd3 25. Rxb6 Rc4 26. Qf6+ Kg8 27. Rd6 Qa3 28. Rd8 Rc8 29.
Rxf8+ Rxf8 30. Qd4 a6 31. Re3 Qc1+ 32. Kh2 Qc7+ 33. g3 Rd8 34. Qf6 Ra8 35. Re7 Qc4 36. a5 Rf8 37. Re5 Qc3 38. Qd6 Qb2 39. Kg2 Qb7+ 40.
Qd5 Qxd5+ 41. Rxd5 Re8 42. Rd6 Re6 43. Rxe6 fxe6 44. Kf3 Kf7 45. Ke4 Kf6 46. Kd4 Kf5 47. Kc5 Ke4 48. Kb6 Kf3 49. Kxa6 Kxf2 50. Kb6 e5 51. a6 e4 52. a7 e3 53. a8=Q e2 54. Qa2 Kf1 55. Qf7+ Kg1 56. Qe6 Kf1 57. Qf6+ Kg1 58.
Qe5 Kf1 59. Qf4+ Kg2 60. Qe3 Kf1 61. Qf3+ Ke1 62. Kc5 Kd2 63. Qf2 Kd1 64. Qd4+ Kc2 65.
Qe3 Kd1 66. Qd3+ 1-0

[Event "*** Titled Tuesday Blitz"]
[Site "Chess.com"]
[Date "2019.12.03"]
[Round "9"]
[White "albano87"]
[Black "sergeikim"]
[Result "1-0"]
[WhiteElo "2147"]
[BlackElo "2484"]
[TimeControl "180+2"]
[EndTime "15:07:31 PST"]
[Termination "albano87 won by resignation"]

1. d4 Nf6 2. Nf3 g6 3. g3 Bg7 4. Bg2 O-O 5. O-O d6 6. a4 a5 7.
Re1 Na6 8. Nc3 c6 9. e4 Qc7 10.
h3 e5 11. Be3 Re8 12. Qd2 Nb4 13. Rad1 Be6 14. dxe5 dxe5 15. Bc5 Bf8 16. Bxf8 Kxf8 17. Ng5 Kg7 18. f4 h6 19. Nxe6+ Rxe6 20. f5 Re7 21. Qf2 g5 22. h4 g4 23. Bf1 Rd8 24.
Bc4 Rd4 25. Bb3 Red7 26. Kg2 Rxd1 27. Rxd1 Rxd1 28. Nxd1 Nxe4 29. Qe2 Nf6 30. h5 Qd6 31. Ne3 Qd4 32. c3 Qe4+ 33. Kf2 Nd3+ 34. Kg1 Nf4 35. Qe1 N4xh5 36. Kh2 Nf4 37. Bc2 Qf3 38. Bd1 Nd3 39. Qd2 Qf2+ 40. Qxf2 Nxf2 41. Bc2 h5 42. Kg2 N2e4 43.
Nc4 Nc5 44. Nxa5 e4 45. Nc4 Nd5 46. Kf2 Nd3+ 47. Ke2 Ne5 48. Nxe5 Kf6 49. Nd7+ Kxf5 50. Nc5 Ke5 51. Bxe4 Nf6 52. Bg2 b6 53. Nd3+ Kd6 54. b4 Nd7 55. a5 bxa5 56. bxa5 Nb8 57. Nf4 Kc5 58. Nxh5 Kb5 59. Nf6 Kxa5 60. Nxg4 Kb5 61. Ne5 f6 62. Nxc6 Nxc6 63. Bxc6+ Kxc6 64. Kf3 1-0